 Dungeon Crawl Stone Soup version 0.29-a0-43-g62a80824bf (webtiles) character file.

Game seed: 3913733813542176362

292 porpoise the Skirmisher (level 6, -7/53 HPs)
             Began as a Demonspawn Warper on Feb 3, 2022.
             Mangled by an ogre (18 damage)
             ... on level 4 of the Dungeon.
             The game lasted 00:08:12 (3821 turns).

porpoise the Skirmisher (Demonspawn Warper)         Turns: 3821, Time: 00:08:13

Health: -7/53      AC:  5    Str: 13    XL:     6   Next: 10%
Magic:  9/9        EV: 11    Int: 15    God:
Gold:   129        SH:  0    Dex: 18    Spells: 4/9 levels left

rFire   . . .      SeeInvis .   a - +0 spear
rCold   . . .      Faith    .   (no shield)
rNeg    . . .      Spirit   .   e - +0 ring mail
rPois   .          Reflect  .   (helmet restricted)
rElec   .          Harm     .   (no cloak)
rCorr   .          Rampage  .   (no gloves)
Will    .....                   (no boots)
Stlth   +.........              (no amulet)
HPRegen 0.17/turn               f - +6 ring of dexterity
MPRegen 0.11/turn               (no ring)

@: no status effects
A: horns 2
a: no special abilities


You were on level 4 of the Dungeon.
You visited 1 branch of the dungeon, and saw 4 of its levels.

You collected 129 gold pieces.

Inventory:

Hand Weapons
 a - a +0 spear (weapon)
Missiles
 d - 5 boomerangs of dispersal (quivered)
 g - 15 sling bullets
 h - 39 stones
 j - 32 arrows
 l - 2 poisoned darts
Armour
 e - a +0 ring mail (worn)
Jewellery
 f - a +6 ring of dexterity (left hand)
 o - a ring of ice
 r - an amulet of guardian spirit
Scrolls
 b - a scroll of identify
 c - a scroll of blinking
 n - 2 scrolls of fear
 q - a scroll of enchant armour {unknown}
Potions
 i - a potion of haste
 k - 2 potions of invisibility
 m - a potion of brilliance
 p - a potion of attraction


   Skills:
 + Level 6.4 Fighting
 - Level 2.0 Polearms
 - Level 0.8 Throwing
 - Level 0.8 Armour
 - Level 1.7 Dodging
 - Level 2.0 Spellcasting
 - Level 2.6 Translocations


You had 4 spell levels left.
You knew the following spells:

 Your Spells              Type           Power      Damage    Failure   Level
b - Lesser Beckoning      Tloc           9%         N/A       43%         3
k - Blink                 Tloc           18%        N/A       24%         2

Your spell library contained the following spells:

 Spells                   Type           Power      Damage    Failure   Level
 Gell's Gravitas          Tloc           9%         N/A       43%         3
 Teleport Other           Tloc           9%         N/A       43%         3
 Manifold Assault         Tloc           9%         N/A       99%         5
 Fireball                 Conj/Fire      0%         3d3       100%        5
 Starburst                Conj/Fire      0%         6d3       100%        6
 Ignition                 Fire           0%         3d3       100%        8


Dungeon Overview and Level Annotations

Branches:
Dungeon (4/15)
 Temple: D:4-7

Altars:
The Shining One

Shops:
D:4 !


Innate Abilities, Weirdness & Mutations

You have a pair of horns on your head.


Message History

The ogre barely misses you.
You hit the ogre.
The ogre is heavily wounded.
The ogre barely misses you.
You hit the ogre.
You headbutt the ogre, but do no damage.
The ogre is heavily wounded.
The ogre hits you with a +0 giant spiked club!!
Ouch! That really hurt!
An ogre comes into view. It is wielding a +0 giant spiked club.
You hit the ogre but do no damage.
The ogre is heavily wounded.
The ogre hits you with a +0 giant spiked club!
* * * LOW HITPOINT WARNING * * *
You fade into invisibility!
A gnoll comes into view. It is wielding a +1 flail of venom.
An adder comes into view.
The adder hisses angrily.
The adder bites you.
* * * LOW HITPOINT WARNING * * *
You are poisoned.
The adder poisons you! The adder completely misses you.
You feel sick.
You feel sick.
You flicker for a moment.
You feel sick.
You feel sick. The ogre barely misses you.
You feel sick.
You are no longer poisoned.
You flicker back into view.
The howler monkey hoots and howls with incredible vigour!
You hear a shout! x3
The howler monkey hoots and howls with incredible vigour!
An ufetubus comes into view.
You hear the quick rusting of a very distant drain.
The howler monkey hoots and howls with incredible vigour!
You hear a shout! x2
There is an escape hatch in the ceiling here.
The ogre hits you with a +0 giant spiked club!!
You die...

.. #.##### #. #.#
#.## #. #.# #.h#
#. ####>### ##.#
#. ...)..# #.# #.
#>.#.# ##.#######.
#..#.###O........
##...h.....#######
##.@OS.###.##
#..........# ####
##.....##### #.$
##....### #.#
#..#...# #<#
#####''#### #.#
##≈≈≈..≈≈≈## #.#
##≈≈≈≈..≈≈≈≈## #.#
#≈≈≈≈≈..≈≈≈≈≈##


You could see 2 ogres, a howler monkey and an adder.

Vanquished Creatures
  A scorpion (D:3)
  A howler monkey (D:4)
  Natasha (thrice) (D:2)
  4 adders
  A worm (D:2)
  A dart slug (D:1)
  2 orcs
  6 bats
  6 endoplasms
  2 giant cockroaches (D:1)
  4 goblins
  10 hobgoblins
  6 quokkas
  8 ball pythons
  6 frilled lizards
  6 kobolds
  7 rats
74 creatures vanquished.

Notes
Turn   | Place    | Note
-------+----------+-------------------------------------------
     0 | D:1      | porpoise the Demonspawn Warper began the quest for the Orb.
     0 | D:1      | Reached XP level 1. HP: 16/16 MP: 3/3
   412 | D:1      | Gained mutation: You have a pair of small horns on your
                  | head. [demonic ancestry]
   412 | D:1      | Reached XP level 2. HP: 23/23 MP: 5/5
   675 | D:1      | Reached skill level 3 in Fighting
   929 | D:1      | Reached XP level 3. HP: 25/29 MP: 6/6
  1573 | D:2      | Found a faded altar of an unknown god.
  1663 | D:2      | Noticed Natasha
  1668 | D:2      | Killed Natasha
  1669 | D:2      | Reached skill level 4 in Fighting
  1669 | D:2      | Reached XP level 4. HP: 25/37 MP: 7/7
  1951 | D:2      | Learned a level 2 spell: Blink
  1955 | D:2      | Learned a level 3 spell: Lesser Beckoning
  1961 | D:2      | Noticed Natasha
  1982 | D:2      | Killed Natasha
  2001 | D:2      | Noticed Natasha
  2019 | D:2      | Killed Natasha
  2020 | D:2      | Reached skill level 5 in Fighting
  2378 | D:2      | Gained mutation: You have a pair of horns on your head.
                  | [demonic ancestry]
  2378 | D:2      | Reached XP level 5. HP: 44/44 MP: 8/8
  3414 | D:3      | Reached skill level 6 in Fighting
  3711 | D:4      | Found Hyellao's Distillery.
  3768 | D:4      | Reached XP level 6. HP: 53/53 MP: 9/9
  3821 | D:4      | Mangled by an ogre

Illustrated notes

Levels and vault maps discovered:
D:1:      noname_arrival_rooms_in_the_neighbourhood, layout_basic
D:2:      layout_basic, chequers_ecumenical_altar_island, kennysheep_crisscross,
          minmay_misc_feat_four_crosses, roderic_serpentine_path, uniq_natasha
D:3:      layout_loops_ring, tso_metal_star
D:4:      kennysheep_big_flooded_room, layout_loops_ring, serial_shops, shop,
          portal_sewer_entry_f, minmay_close_crescents

Skill      XL: |  1  2  3  4  5 |
---------------+----------------+-----
Polearms       | 2 |  2.0
Fighting       | 3 4 5 6 |  6.4
Throwing       | |  0.8
Armour         | |  0.8
Dodging        | |  1.7
Spellcasting   | |  2.0
Translocations | |  2.6

Action                   |  1- 3 |  4- 6 || total
-------------------------+-------+-------++-------
Melee: Spear             |   136 |   157 ||   293
       Headbutt          |    17 |    28 ||    45
       Punch             |     2 |       ||     2
  Use: Scroll            |       |     7 ||     7
       Potion            |       |     1 ||     1
 Stab: Sleeping          |     1 |       ||     1
Armor: Ring mail         |    25 |    33 ||    58
Dodge: Dodged            |    52 |    80 ||   132

Table legend: (Time is in decaauts)
 A = Elapsed time spent in this place.
 B = Non-inter-level travel time spent in this place.
 C = Inter-level travel time spent in this place.
 D = Time resting spent in this place.
 E = Time spent auto-exploring this place.
 F = Levels seen in this place.
 G = Mean time per level.
                   A        B        C        D        E       F      G
               +--------+--------+--------+--------+--------+-----+--------+
         Total |   3830 |   3739 |     91 |   1199 |   1826 |   4 |  957.5 |
       Dungeon |   3830 |   3739 |     91 |   1199 |   1826 |   4 |  957.5 |
               +--------+--------+--------+--------+--------+-----+--------+

Top non-repeatable levels by time:
     D:1: 1448 daAuts
     D:2: 1170 daAuts
     D:3: 1017 daAuts
     D:4: 194 daAuts
